AoeStats
← ChristopheG1970.Fr

Arabia

510295545Analyzed
4v4 RM · 2d ago on Sep 30, 2026· 53m 12s· 8 players
Game mode
Random Map
Map size
Large (8 player)
Population
200
Speed
Normal
Resources
Standard
Victory
Conquest
Starting age
Dark Age
Ending age
Imperial Age
RankedLock teamsTeams togetherTeam positionsShared explorationLock speedFull tech treeHidden civsTurbo modeCheats
Victory
Defeat
🇬🇧 Mongols · United Kingdom
860
+14
🇷🇺 Britons · Russia
831
+15
🇧🇷 Franks · Brazil
785
+17
🇫🇷 Spanish · France
775
+17
🇨🇳 Huns · China
840
-17
🇹🇼 Franks · Taiwan
826
-26
🇬🇧 Varangians · United Kingdom
779
-15
🇱🇰 Khmer · Sri Lanka
774
-14
SlyScissors443
9:24 Loom
12:12 Feudal Age
12:48 Double-Bit Axe
14:03 Horse Collar
20:36 Castle Age
18:38 Stone Mining
18:43 Gold Mining
21:42 Heavy Plow
21:56 Bow Saw
22:31 Stone Shaft Mining
25:15 Wheelbarrow
24:27 Town Watch
25:18 Treadmill Crane
29:15 Imperial Age
27:02 Hand Cart
27:41 Scale Barding Armor
27:47 Forging
33:02 Elite Jarl
34:03 Conscription
34:39 Chain Barding Armor
34:55 Iron Casting
36:41 Bloodlines
36:33 Husbandry
37:17 Plate Barding Armor
37:43 Blast Furnace
chenleo20061102
2:49 Loom
11:33 Feudal Age
12:19 Double-Bit Axe
18:26 Castle Age
21:48 Stone Mining
24:27 Husbandry
26:16 Scale Barding Armor
32:45 Imperial Age
30:59 Forging
35:30 Cavalier
37:26 Conscription
38:20 Ordonnance Companies
38:47 Cranequins
41:28 Wheelbarrow
41:15 Fletching
42:33 Paladin
1279332839
0:28 Loom
11:25 Feudal Age
17:54 Castle Age
17:43 Horse Collar
17:52 Double-Bit Axe
20:27 Bloodlines
20:25 Scale Barding Armor
20:32 Forging
25:31 Light Cavalry
26:12 Husbandry
28:57 Chain Barding Armor
30:24 Iron Casting
30:54 Heavy Plow
31:09 Bow Saw
32:24 Wheelbarrow
32:28 Gold Mining
32:29 Stone Mining
34:45 Pikeman
35:11 Arson
35:27 Squires
39:14 Hand Cart
38:45 Town Watch
41:02 Scale Mail Armor
42:25 Chain Mail Armor
45:18 Imperial Age
45:31 Halberdier
48:20 Blast Furnace
47:56 Plate Barding Armor
achalaayesh
5:01 Loom
13:03 Feudal Age
16:14 Castle Age
14:25 Horse Collar
14:36 Double-Bit Axe
14:58 Gold Mining
15:14 Stone Mining
23:17 Heavy Plow
23:47 Bloodlines
23:38 Husbandry
30:23 Forging
30:04 Fletching
30:20 Scale Barding Armor
31:49 Ballistics
31:21 Heated Shot
31:27 Murder Holes
imp
10:35 Feudal Age
11:09 Double-Bit Axe
14:47 Wheelbarrow
13:57 Town Watch
20:31 Castle Age
21:55 Bow Saw
22:21 Gold Mining
23:56 Forging
23:52 Scale Barding Armor
26:24 Hand Cart
27:04 Iron Casting
26:52 Chain Barding Armor
27:04 Town Patrol
32:38 Imperial Age
32:45 Cavalier
33:27 Husbandry
33:51 Conscription
33:50 Chivalry
34:28 Plate Barding Armor
34:54 Blast Furnace
34:23 Caravan
35:42 Paladin
TheBunjiMunji
4:03 Loom
11:29 Feudal Age
17:41 Castle Age
19:52 Double-Bit Axe
23:57 Horse Collar
25:57 Heavy Plow
27:50 Fletching
29:50 Bodkin Arrow
36:12 Padded Archer Armor
36:56 Ballistics
39:44 Imperial Age
37:50 Leather Archer Armor
38:35 Murder Holes
41:06 Conscription
41:50 Wheelbarrow
42:03 Bracer
43:03 Elite Mangudai
44:13 Hand Cart
44:06 Husbandry
44:17 Bloodlines
46:49 Chemistry
46:15 Thumb Ring
46:36 Parthian Tactics
48:31 Conscription
47:32 Elite Mangudai
49:34 Bow Saw
49:18 Gold Mining
49:19 Stone Mining
49:37 Town Watch
51:12 Town Patrol
51:28 Masonry
51:29 Fortified Wall
51:51 Capped Ram
54:04 Drill
ChristopheG1970.Fr
1:12 Loom
10:32 Feudal Age
11:10 Double-Bit Axe
12:04 Horse Collar
13:32 Town Watch
18:53 Castle Age
18:28 Stone Mining
19:05 Fletching
22:08 Gold Mining
24:11 Husbandry
24:25 Fervor
25:05 Wheelbarrow
25:14 Inquisition
26:31 Bow Saw
28:01 Bodkin Arrow
28:10 Padded Archer Armor
28:44 Ballistics
35:30 Imperial Age
34:09 Sanctity
36:26 Hand Cart
36:15 Bracer
36:39 Conscription
37:54 Two-Man Saw
38:28 Chemistry
37:25 Murder Holes
37:41 Masonry
37:56 Leather Archer Armor
39:25 Ring Archer Armor
39:10 Bloodlines
39:59 Illumination
39:59 Block Printing
43:19 Elite Conquistador
49:54 Redemption
50:24 Theocracy
Adment_Vk
1:02 Loom
11:15 Feudal Age
11:54 Double-Bit Axe
18:39 Castle Age
24:16 Bow Saw
Connection lost

Rejoining the realm…

Still unreachable

The connection could not be restored.

Session expired

The server has moved on; the page needs a fresh start.